 Dungeon Crawl Stone Soup version 0.18-a0-902-g8738618 (webtiles) character file.

42 Jmtri7 the Charlatan (level 3, 0/28 HPs)
             Began as a Formicid Artificer on Dec 25, 2015.
             Slain by an adder (4 damage)
             ... on level 2 of the Dungeon.
             The game lasted 00:04:55 (941 turns).

Jmtri7 the Charlatan (Formicid Artificer)            Turns: 941, Time: 00:04:55

Health: 0/28       AC:  6    Str: 16    XL:     3   Next: 80%
Magic:  5/5        EV:  9    Int: 11    God:
Gold:   42         SH:  0    Dex: 11    Spells: 0 memorised, 2 levels left

rFire  . . .     SeeInvis +     o - +0 war axe
rCold  . . .     Gourm    .     k - +0 scale mail
rNeg   . . .     Faith    .     (no shield)
rPois  .         Spirit   .     (helmet unavailable)
rElec  .         Dismiss  .     (no cloak)
rCorr  .         Reflect  .     (no gloves)
SustAt .         Harm     .     (no boots)
MR     .....                    (no amulet)
Stlth  ..........               (no ring)
                                (no ring)

@: lethally poisoned (0 -> -4), starving, not resistant to hostile enchantments,
extremely unstealthy
A: permanent stasis, dig shafts and tunnels, four strong arms, antennae 3
a: Dig, Shaft Self


You were on level 2 of the Dungeon.
You were starving.

You visited 1 branch of the dungeon, and saw 2 of its levels.

You collected 42 gold pieces.

Inventory:

Hand Weapons
 o - a +0 war axe (weapon)
Armour
 k - a +0 scale mail (worn)
 m - a +0 pair of gloves
Wands
 c - a wand of flame (15/48)
 d - a wand of enslavement (15/24)
 e - a wand of random effects (15/48)
Scrolls
 i - a scroll of remove curse {unknown}
 j - a scroll of teleportation {unknown}
 l - a scroll of enchant armour {unknown}
 n - a scroll of blinking {unknown}
 q - a scroll of random uselessness {unknown}
Potions
 a - a potion of poison {unknown}
 b - a potion of might {unknown}
 g - a potion of invisibility {unknown}
 h - 3 potions of heal wounds {unknown}
 p - a potion of beneficial mutation {unknown}
Comestibles
 f - 3 bread rations
 r - a meat ration


   Skills:
 + Level 2.7 Fighting
   Level 1.0 Short Blades
 + Level 2.1 Armour
 - Level 1.7 Dodging
 - Level 1.2 Stealth
 - Level 3.2 Evocations


You had 2 spell levels left.
You didn't know any spells.

Dungeon Overview and Level Annotations

Branches:
Dungeon (2/15)

Altars:


Innate Abilities, Weirdness & Mutations

You are under a permanent stasis effect.
You can dig through walls and to a lower floor.
Your four strong arms can wield two-handed weapons with a shield.
You have a pair of large antennae on your head (SInv).


Message History

The adder bites you but does no damage. x2
You barely miss the adder.
You feel sick. The adder bites you but does no damage.
The adder barely misses you.
You closely miss the adder. The adder bites you but does no damage.
You closely miss the adder. The adder barely misses you.
The adder bites you but does no damage.
You closely miss the adder.
You feel sick. The adder bites you. The adder bites you but does no damage.
You closely miss the adder. The adder bites you.
* * * LOW HITPOINT WARNING * * *
The adder bites you.
* * * LOW HITPOINT WARNING * * *
You are more poisoned.
The adder poisons you!
You hit the adder but do no damage.
* * * LOW HITPOINT WARNING * * *
You feel sick. The adder bites you but does no damage. The adder bites you.
* * * LOW HITPOINT WARNING * * *
You miss the adder. The adder bites you.
You die...

.. ..# .<##.. #....#
.#..... #### .......
$..### #..... .....# #.#
#....S###.....## #.# .#
#...@......... #.# .##.#
######.......# #.##.##.#
#>#####.#
#.#..##...######.# #%#
##.#.# #.#........# #.#
#....# #.########.# #.#
#....# #..........#####.#
##....###.########.......#
........#...S........###.#


You could see an adder.

Vanquished Creatures
  2 adders (D:2)
  5 goblins
  2 hobgoblins
  2 kobolds (D:2)
  5 bats
  4 giant cockroaches (D:2)
  5 rats (D:1)
25 creatures vanquished.

Notes
Turn   | Place    | Note
--------------------------------------------------------------
     0 | D:1      | Jmtri7 the Formicid Artificer began the quest for the Orb.
     0 | D:1      | Reached XP level 1. HP: 15/15 MP: 3/3
   332 | D:1      | Reached skill level 1 in Armour
   332 | D:1      | Reached XP level 2. HP: 19/22 MP: 4/4
   528 | D:2      | Reached XP level 3. HP: 20/27 MP: 5/5
   941 | D:2      | Slain by an adder

Vault maps used:
D:1:      lightli_arrival_statue_moat, nrook_loot_triangle
D:2:      kennysheep_generic_room_16, uniq_jessica

Action                   || total
-------------------------++-------
Melee: Short sword       ||    53
       War axe           ||    36
 Abil: Dig               ||     9
